| TOP OF THE 1ST |
|
Ogden Raptors batting - Pitching for Billings Mustangs : RHP David Alferez
|
|
Pitching: RHP David Alferez
|
|
|
Batting: RHB Felipe Rivera
|
0-0: Called Strike 0-1: Ball 1-1: Ball 2-1: Ball 3-1: SOLO HOME RUN (Flyball, 7LD, EV 90.6 MPH), Distance : 334 ft
|
|
Batting: RHB Carlos Gonzalez
|
0-0: Ball 1-0: Swinging Strike 1-1: Ball 2-1: Foul Ball, location: 2F 2-2: DOUBLE (Line Drive, 9LD, EV 114.4 MPH)
|
|
Batting: SHB Guy Jerome
|
0-0: Called Strike 0-1: Ground out 1-3 (Groundball, 13S, EV 66.2 MPH) Carlos Gonzalez to third
|
|
Batting: RHB Jerry Sanchez
|
0-0: Fly out, F7 (Line Drive, 7LS, EV 88.1 MPH)
|
|
Batting: SHB Jesus Gomez
|
0-0: Foul Ball, location: 2F 0-1: Ball 1-1: Ground out 4-3 (Groundball, 4, EV 90.0 MPH)
|
| Top of the 1st over - 1 run, 2 hits, 0 errors, 1 left on base; Ogden 1 - Billings 0 |
| BOTTOM OF THE 1ST |
|
Billings Mustangs batting - Pitching for Ogden Raptors : RHP Zach Clausen
|
|
Pitching: RHP Zach Clausen
|
|
|
Batting: RHB Alex de Leon
|
0-0: Ball 1-0: Foul Ball, location: 2F 1-1: Hit by Pitch
|
|
Batting: SHB Jaivata Mohanty
|
0-0: DOUBLE (Line Drive, 7LD, EV 100.6 MPH) Alex de Leon to third
|
|
Batting: RHB Alex Villagomez
|
0-0: Ground out 6-3 (Groundball, 6MD, EV 108.1 MPH) Alex de Leon scores Jaivata Mohanty to third
|
|
Batting: SHB David Garnica
|
0-0: Called Strike 0-1: Ball 1-1: Ball 2-1: Foul Ball, location: 2F 2-2: Ground out 6-3 (Groundball, 6MD, EV 103.1 MPH) Jaivata Mohanty scores
|
|
Batting: RHB Alex Juarez
|
0-0: Foul Ball, location: 2F 0-1: Ball 1-1: Swinging Strike 1-2: Strikes out looking
|
| Bottom of the 1st over - 2 runs, 1 hit, 0 errors, 0 left on base; Ogden 1 - Billings 2 |
| TOP OF THE 2ND |
|
Ogden Raptors batting - Pitching for Billings Mustangs : RHP David Alferez
|
|
Batting: RHB Mike Kaczor
|
0-0: Ground out 5-3 (Groundball, 56S, EV 66.9 MPH)
|
|
Batting: RHB Kekoa Kahele
|
0-0: Called Strike 0-1: Ball 1-1: Ground out 4-3 (Groundball, 4, EV 82.5 MPH)
|
|
Batting: SHB Jason Todd
|
0-0: Swinging Strike 0-1: Ball 1-1: Fly out, F8 (Line Drive, 8LM, EV 93.8 MPH)
|
| Top of the 2nd over - 0 runs, 0 hits, 0 errors, 0 left on base; Ogden 1 - Billings 2 |
| BOTTOM OF THE 2ND |
|
Billings Mustangs batting - Pitching for Ogden Raptors : RHP Zach Clausen
|
|
Batting: RHB Gabriel Arias
|
0-0: Swinging Strike 0-1: Called Strike 0-2: Ball 1-2: Ball 2-2: Ball 3-2: Foul Ball, location: 2F 3-2: Strikes out swinging
|
|
Batting: RHB Oscar Chapa
|
0-0: Called Strike 0-1: SINGLE (Line Drive, 9S, EV 104.4 MPH)
|
|
Batting: LHB Alex Ramos
|
0-0: Foul Ball, location: 2F 0-1: Fielders Choice at 2nd, 6-4 (Groundball, 6, EV 89.4 MPH)
|
|
Batting: RHB Will Trudeau
|
0-0: Ball 1-0: Fielders Choice at 2nd, 5-4 (Groundball, 5, EV 103.8 MPH)
|
| Bottom of the 2nd over - 0 runs, 1 hit, 0 errors, 1 left on base; Ogden 1 - Billings 2 |
| TOP OF THE 3RD |
|
Ogden Raptors batting - Pitching for Billings Mustangs : RHP David Alferez
|
|
Batting: RHB Bobby Altamirano
|
0-0: TRIPLE (Line Drive, 9LD, EV 109.4 MPH)
|
|
Batting: RHB Felipe Rivera
|
0-0: Ball 1-0: Ball 2-0: Called Strike 2-1: Foul Ball, location: 2F 2-2: Ball 3-2: Strikes out swinging
|
|
Batting: RHB Carlos Gonzalez
|
0-0: Ball 1-0: Called Strike 1-1: Called Strike 1-2: Strikes out swinging
|
|
Batting: SHB Guy Jerome
|
0-0: Ball 1-0: Called Strike 1-1: Fly out, F8 (Line Drive, 8RM, EV 93.1 MPH)
|
| Top of the 3rd over - 0 runs, 1 hit, 0 errors, 1 left on base; Ogden 1 - Billings 2 |
| BOTTOM OF THE 3RD |
|
Billings Mustangs batting - Pitching for Ogden Raptors : RHP Zach Clausen
|
|
Batting: RHB Alex de Leon
|
0-0: Called Strike 0-1: Ball 1-1: Foul Ball, location: 2F 1-2: Ground out 6-3 (Groundball, 6, EV 89.4 MPH)
|
|
Batting: SHB Jaivata Mohanty
|
0-0: Swinging Strike 0-1: Swinging Strike 0-2: Strikes out looking
|
|
Batting: RHB Alex Villagomez
|
0-0: Ball 1-0: Ball 2-0: Ground out 5-3 (Groundball, 56, EV 88.1 MPH)
|
| Bottom of the 3rd over - 0 runs, 0 hits, 0 errors, 0 left on base; Ogden 1 - Billings 2 |
| TOP OF THE 4TH |
|
Ogden Raptors batting - Pitching for Billings Mustangs : RHP David Alferez
|
|
Batting: RHB Jerry Sanchez
|
0-0: Foul Ball, location: 2F 0-1: Called Strike 0-2: Ball 1-2: SOLO HOME RUN (Flyball, 7D, EV 104.4 MPH), Distance : 386 ft
|
|
Batting: SHB Jesus Gomez
|
0-0: Ground out 4-3 (Groundball, 4, EV 76.9 MPH)
|
|
Batting: RHB Mike Kaczor
|
0-0: Ball 1-0: Ball 2-0: DOUBLE (Groundball, 5L, EV 109.4 MPH)
|
|
Batting: RHB Kekoa Kahele
|
0-0: Ball 1-0: Fly out, F8 (Flyball, 8LS, EV 93.1 MPH)
|
|
Batting: SHB Jason Todd
|
0-0: Called Strike 0-1: Foul Ball, location: 2F 0-2: Strikes out swinging
|
| Top of the 4th over - 1 run, 2 hits, 0 errors, 1 left on base; Ogden 2 - Billings 2 |
| BOTTOM OF THE 4TH |
|
Billings Mustangs batting - Pitching for Ogden Raptors : RHP Zach Clausen
|
|
Batting: SHB David Garnica
|
0-0: Ball 1-0: Ball 2-0: Foul Ball, location: 2F 2-1: Foul Ball, location: 2F 2-2: Ground out 6-3 (Groundball, 56D, EV 104.4 MPH)
|
|
Batting: RHB Alex Juarez
|
0-0: Called Strike 0-1: Ball 1-1: Swinging Strike 1-2: Strikes out swinging
|
|
Batting: RHB Gabriel Arias
|
0-0: SINGLE (Line Drive, 8LS, EV 88.8 MPH)
|
|
Batting: RHB Oscar Chapa
|
0-0: Called Strike 0-1: Fly out, F9 (Flyball, 9S, EV 91.2 MPH)
|
| Bottom of the 4th over - 0 runs, 1 hit, 0 errors, 1 left on base; Ogden 2 - Billings 2 |
| TOP OF THE 5TH |
|
Ogden Raptors batting - Pitching for Billings Mustangs : RHP David Alferez
|
|
Batting: RHB Bobby Altamirano
|
0-0: Ground out 5-3 (Groundball, 5, EV 84.4 MPH)
|
|
Batting: RHB Felipe Rivera
|
0-0: Foul Ball, location: 2F 0-1: Foul Ball, location: 2F 0-2: Ball 1-2: Strikes out swinging
|
|
Batting: RHB Carlos Gonzalez
|
0-0: Ball 1-0: Ground out 6-3 (Groundball, 6, EV 85.0 MPH)
|
| Top of the 5th over - 0 runs, 0 hits, 0 errors, 0 left on base; Ogden 2 - Billings 2 |
| BOTTOM OF THE 5TH |
|
Billings Mustangs batting - Pitching for Ogden Raptors : RHP Zach Clausen
|
|
Batting: LHB Alex Ramos
|
0-0: Ball 1-0: Swinging Strike 1-1: Ball 2-1: Ball 3-1: Called Strike 3-2: SINGLE (Groundball, 6S, EV 67.5 MPH) (infield hit)
|
|
Batting: RHB Will Trudeau
|
0-0: Ball 1-0: Called Strike Alex Ramos is caught stealing 2nd base 2-4 1-1: Ball 2-1: DOUBLE (Line Drive, 78D, EV 111.2 MPH)
|
|
Batting: RHB Alex de Leon
|
0-0: Ball 1-0: Ball 2-0: Fly out, F9 (Flyball, 9D, EV 101.9 MPH) Runner from 2nd tags up, SAFE at 3rd, no throw by RF
|
|
Batting: SHB Jaivata Mohanty
|
0-0: Called Strike 0-1: Ball 1-1: Called Strike 1-2: Strikes out swinging, 2-3 out at first.
|
| Bottom of the 5th over - 0 runs, 2 hits, 0 errors, 1 left on base; Ogden 2 - Billings 2 |
| TOP OF THE 6TH |
|
Ogden Raptors batting - Pitching for Billings Mustangs : RHP David Alferez
|
|
Batting: SHB Guy Jerome
|
0-0: Foul Ball, location: 2F 0-1: SOLO HOME RUN (Flyball, 9D, EV 104.4 MPH), Distance : 387 ft
|
|
Batting: RHB Jerry Sanchez
|
0-0: Foul Ball, location: 2F 0-1: Ground out 5-3 (Groundball, 56S, EV 88.8 MPH)
|
|
Batting: SHB Jesus Gomez
|
0-0: Called Strike 0-1: Ball 1-1: Ball 2-1: Ball 3-1: SOLO HOME RUN (Flyball, 9D, EV 97.5 MPH), Distance : 372 ft
|
|
Batting: RHB Mike Kaczor
|
0-0: Called Strike 0-1: Ball 1-1: Foul Ball, location: 2F 1-2: Fly out, F7 (Flyball, 7, EV 90.6 MPH)
|
|
Batting: RHB Kekoa Kahele
|
0-0: Ball 1-0: Called Strike 1-1: Called Strike 1-2: Foul Ball, location: 2F 1-2: SOLO HOME RUN (Flyball, 7D, EV 96.2 MPH), Distance : 366 ft
|
|
Pitching: RHP Finlay Clamp
|
|
|
Batting: SHB Jason Todd
|
0-0: Foul Ball, location: 2F 0-1: Called Strike 0-2: Ball 1-2: Ball 2-2: Foul Ball, location: 2F 2-2: Ball 3-2: Base on Balls
|
|
Batting: RHB Bobby Altamirano
|
0-0: Foul Ball, location: 2F 0-1: Called Strike 0-2: Ball 1-2: Ball Jason Todd steals 2nd base 2-2: Ball 3-2: DOUBLE (Groundball, 3L, EV 104.4 MPH) Jason Todd scores
|
|
Batting: RHB Felipe Rivera
|
0-0: Called Strike 0-1: Ball 1-1: Reached on error, E2 (Groundball, 13S, EV 68.1 MPH) Bobby Altamirano to third
|
|
Batting: RHB Carlos Gonzalez
|
0-0: Ball 1-0: Called Strike 1-1: Swinging Strike 1-2: Strikes out looking
|
| Top of the 6th over - 4 runs, 4 hits, 1 error, 2 left on base; Ogden 6 - Billings 2 |
| BOTTOM OF THE 6TH |
|
Billings Mustangs batting - Pitching for Ogden Raptors : RHP Zach Clausen
|
|
Batting: RHB Alex Villagomez
|
0-0: Called Strike 0-1: Reached on error, E6 (Groundball, 6, EV 91.9 MPH)
|
|
Batting: SHB David Garnica
|
0-0: Called Strike 0-1: SINGLE (Line Drive, 89S, EV 109.4 MPH) Alex Villagomez to second
|
|
Batting: RHB Alex Juarez
|
0-0: Called Strike 0-1: Ball 1-1: Ball 2-1: Ball 3-1: SINGLE (Flyball, 8LS, EV 91.2 MPH) Alex Villagomez to third David Garnica to second
|
|
Batting: RHB Gabriel Arias
|
0-0: Called Strike 0-1: Ball 1-1: Grounds into double play, 6-4-3 (Groundball, 6, EV 83.1 MPH) Alex Villagomez scores David Garnica to third
|
|
Batting: RHB Oscar Chapa
|
0-0: Ball 1-0: Ball 2-0: Ball 3-0: Called Strike 3-1: Foul Ball, location: 2F 3-2: Base on Balls
|
|
Pitching: RHP Francisco Guzman
|
|
|
Batting: LHB Alex Ramos
|
0-0: Ground out 4-3 (Groundball, 4, EV 90.0 MPH)
|
| Bottom of the 6th over - 1 run, 2 hits, 1 error, 2 left on base; Ogden 6 - Billings 3 |
| TOP OF THE 7TH |
|
Ogden Raptors batting - Pitching for Billings Mustangs : RHP Finlay Clamp
|
|
Batting: SHB Guy Jerome
|
0-0: Ball 1-0: Fly out, F1 (Popup, P, EV 91.2 MPH)
|
|
Batting: RHB Jerry Sanchez
|
0-0: Ball 1-0: Ball 2-0: Ball 3-0: Called Strike 3-1: Fly out, F3 (Line Drive, 34, EV 74.4 MPH)
|
|
Batting: SHB Jesus Gomez
|
0-0: Called Strike 0-1: Ball 1-1: Ball 2-1: Called Strike 2-2: Strikes out swinging, 2-3 out at first.
|
| Top of the 7th over - 0 runs, 0 hits, 0 errors, 0 left on base; Ogden 6 - Billings 3 |
| BOTTOM OF THE 7TH |
|
Billings Mustangs batting - Pitching for Ogden Raptors : RHP Francisco Guzman
|
|
Batting: RHB Will Trudeau
|
0-0: SOLO HOME RUN (Line Drive, 7D, EV 113.1 MPH), Distance : 412 ft
|
|
Batting: RHB Alex de Leon
|
0-0: Ball 1-0: Called Strike 1-1: Swinging Strike 1-2: Ball 2-2: Ball 3-2: Strikes out swinging
|
|
Batting: SHB Jaivata Mohanty
|
0-0: Ball 1-0: Ball 2-0: Ball 3-0: Called Strike 3-1: Base on Balls
|
|
Batting: RHB Alex Villagomez
|
0-0: Ball 1-0: Ball 2-0: Called Strike 2-1: Ball 3-1: Foul Ball, location: 2F 3-2: Fly out, F8 (Flyball, 8LD, EV 83.1 MPH)
|
|
Batting: SHB David Garnica
|
0-0: Ball 1-0: Foul Ball, location: 2F 1-1: Foul Ball, location: 2F 1-2: Ball 2-2: Strikes out swinging
|
| Bottom of the 7th over - 1 run, 1 hit, 0 errors, 1 left on base; Ogden 6 - Billings 4 |
| TOP OF THE 8TH |
|
Ogden Raptors batting - Pitching for Billings Mustangs : RHP Finlay Clamp
|
|
Batting: RHB Mike Kaczor
|
0-0: Foul Ball, location: 2F 0-1: Ball 1-1: Reached on error, E3 (Groundball, 34S, EV 88.1 MPH)
|
|
Batting: RHB Kekoa Kahele
|
0-0: Ground out U3 (Groundball, 34, EV 83.8 MPH) Mike Kaczor to third
|
|
Batting: SHB Jason Todd
|
0-0: Intentional Walk
|
|
Batting: RHB Bobby Altamirano
|
0-0: Called Strike Jason Todd steals 2nd, throwing error, E2 Mike Kaczor scores Jason Todd to third 0-1: Swinging Strike 0-2: Foul Ball, location: 2F 0-2: Ball 1-2: Ground out U3 (Groundball, 34, EV 77.5 MPH) Jason Todd scores
|
|
Batting: RHB Felipe Rivera
|
0-0: Foul Ball, location: 2F 0-1: Called Strike 0-2: Ball 1-2: Foul Ball, location: 2F 1-2: Strikes out looking
|
| Top of the 8th over - 2 runs, 0 hits, 2 errors, 0 left on base; Ogden 8 - Billings 4 |
| BOTTOM OF THE 8TH |
|
Billings Mustangs batting - Pitching for Ogden Raptors : RHP Francisco Guzman
|
|
Batting: RHB Alex Juarez
|
0-0: Called Strike 0-1: Called Strike 0-2: Ball 1-2: Foul Ball, location: 2F 1-2: Ball 2-2: Foul Ball, location: 2F 2-2: Ball 3-2: Strikes out swinging
|
|
Batting: RHB Gabriel Arias
|
0-0: Called Strike 0-1: Ball 1-1: DOUBLE (Line Drive, 9LS, EV 100.6 MPH)
|
|
Pinch Hitting: RHB Ben Burkholder
|
0-0: Foul Ball, location: 2F 0-1: Fly out, F7 (Flyball, 7, EV 88.8 MPH)
|
|
Batting: LHB Alex Ramos
|
0-0: Ball 1-0: Ball 2-0: Ball 3-0: Called Strike 3-1: Base on Balls
|
|
Batting: RHB Will Trudeau
|
0-0: Called Strike 0-1: Called Strike 0-2: Ball Wild Pitch! Gabriel Arias to third Alex Ramos to second 1-2: Ball 2-2: Ball Balk! Gabriel Arias scores Alex Ramos to third 3-2: Strikes out looking
|
| Bottom of the 8th over - 1 run, 1 hit, 0 errors, 1 left on base; Ogden 8 - Billings 5 |
| TOP OF THE 9TH |
|
Ogden Raptors batting - Pitching for Billings Mustangs : RHP Finlay Clamp
|
|
Pitching: RHP Bayani Blanco
|
|
|
Now at SS: Ben Burkholder
|
|
|
Batting: RHB Carlos Gonzalez
|
0-0: Ball 1-0: Ball 2-0: Ball 3-0: Called Strike 3-1: Foul Ball, location: 2F 3-2: Strikes out looking
|
|
Batting: SHB Guy Jerome
|
0-0: Called Strike 0-1: Ball 1-1: Ball 2-1: Ball 3-1: Foul Ball, location: 2F 3-2: Base on Balls
|
|
Batting: RHB Jerry Sanchez
|
0-0: Called Strike 0-1: Called Strike Guy Jerome is caught stealing 2nd base 2-4 0-2: Ball 1-2: SINGLE (Groundball, 25, EV 68.8 MPH) (infield hit)
|
|
Batting: SHB Jesus Gomez
|
0-0: Ball 1-0: Ball 2-0: Called Strike 2-1: Foul Ball, location: 2F 2-2: 2-RUN HOME RUN (Flyball, 89XD, EV 103.1 MPH), Distance : 394 ft
|
|
Batting: RHB Mike Kaczor
|
0-0: Called Strike 0-1: Ball 1-1: Ground out 6-3 (Groundball, 6, EV 80.0 MPH)
|
| Top of the 9th over - 2 runs, 2 hits, 0 errors, 0 left on base; Ogden 10 - Billings 5 |
| BOTTOM OF THE 9TH |
|
Billings Mustangs batting - Pitching for Ogden Raptors : RHP Francisco Guzman
|
|
Batting: RHB Alex de Leon
|
0-0: Ball 1-0: Called Strike 1-1: SINGLE (Groundball, 34, EV 105.6 MPH)
|
|
Pitching: RHP Justin Donovan
|
|
|
Batting: SHB Jaivata Mohanty
|
0-0: Called Strike 0-1: Called Strike 0-2: Ball 1-2: Foul Ball, location: 2F 1-2: Ball 2-2: Ball 3-2: Base on Balls Alex de Leon to second
|
|
Batting: RHB Alex Villagomez
|
0-0: Ball 1-0: Ball 2-0: Ball 3-0: Foul Ball, location: 2F 3-1: Called Strike 3-2: DOUBLE (Line Drive, 9LS, EV 99.4 MPH) Alex de Leon scores Jaivata Mohanty to third
|
|
Pitching: RHP Mike Barnhill
|
|
|
Batting: SHB David Garnica
|
0-0: Ball 1-0: Ball 2-0: Foul Ball, location: 2F 2-1: Foul Ball, location: 2F 2-2: DOUBLE (Line Drive, 8RXD, EV 101.9 MPH) Jaivata Mohanty scores Alex Villagomez scores
|
|
Batting: RHB Alex Juarez
|
0-0: Called Strike 0-1: Ground out 4-3 (Groundball, 4S, EV 80.6 MPH) David Garnica to third
|
|
Batting: RHB Gabriel Arias
|
0-0: Called Strike 0-1: Ball 1-1: Ball 2-1: SINGLE (Line Drive, 34, EV 102.5 MPH) David Garnica scores
|
|
Batting: RHB Ben Burkholder
|
0-0: Called Strike 0-1: Foul Ball, location: 2F 0-2: Ball 1-2: Foul Ball, location: 2F 1-2: Fly out, F7 (Flyball, 78M, EV 88.8 MPH)
|
|
Pinch Hitting: RHB Jay Harrison
|
0-0: Ball 1-0: Ball 2-0: Called Strike 2-1: Ball 3-1: Base on Balls Gabriel Arias to second
|
|
Pinch Hitting: SHB Gustavo Froio
|
0-0: Ball 1-0: Ball 2-0: Called Strike 2-1: Called Strike 2-2: Foul Ball, location: 2F 2-2: Strikes out swinging
|
| Bottom of the 9th over - 4 runs, 4 hits, 0 errors, 2 left on base; Ogden 10 - Billings 9 |
|